 Dungeon Crawl Stone Soup version 0.28.0-43-g3370ac3207 (webtiles) character file.

Game seed: 6057394888463488282

3540 sking99 the Digger (level 9, -11/75 HPs)
             Began as a White Draconian Earth Elementalist on Mar 18, 2022.
             Was a Follower of Vehumet.
             Killed by the air
             ... invoked by Gastronok
              (34 damage)
             ... on level 8 of the Dungeon.
             The game lasted 00:31:13 (13097 turns).

sking99 the Digger (DrEE)                          Turns: 13097, Time: 00:31:15

Health: -11/75     AC: 12    Str: 11    XL:     9   Next: 82%
Magic:  2/13       EV: 13    Int: 19    God:    Vehumet [*.....]
Gold:   291        SH:  7    Dex: 12    Spells: 2/14 levels left

rFire   + . .      SeeInvis +   c - +0 dagger
rCold   + . .      Faith    .   d - +2 buckler
rNeg    . . .      Spirit   .   (armour unavailable)
rPois   .          Reflect  .   (helmet restricted)
rElec   .          Harm     .   t - +0 cloak
rCorr   .          Rampage  .   k - +2 pair of gloves
Will    .....                   f - +0 pair of boots
Stlth   ++........              (no amulet)
HPRegen 0.22/turn               i - ring of protection from fire
MPRegen 0.13/turn               y - ring of see invisible

@: no status effects
A: breathe frost, AC +7, unfitting armour, cold resistance 1, cold-blooded
a: Breathe Frost, Renounce Religion


You were on level 8 of the Dungeon.
You worshipped Vehumet.
Vehumet was aware of your devotion.
You visited 2 branches of the dungeon, and saw 9 of its levels.

You collected 390 gold pieces.
You spent 99 gold pieces at shops.

Inventory:

Hand Weapons
 c - a +0 dagger (weapon)
Missiles
 b - 179 stones
Armour
 d - a +2 buckler (worn)
 f - a +0 pair of boots (worn)
 k - a +2 pair of gloves (worn)
 l - a +0 kite shield
 t - a +0 cloak (worn)
Jewellery
 a - an amulet of faith
 i - a ring of protection from fire (left hand)
 y - a ring of see invisible (right hand)
Wands
 p - a wand of digging (4)
 u - a wand of paralysis (13)
Scrolls
 g - 2 scrolls of magic mapping
 o - a scroll of teleportation
 x - a scroll of acquirement
Potions
 e - a potion of flight
 h - 2 potions of curing
 j - a potion of degeneration
 m - 6 potions of brilliance
 n - a potion of heal wounds
 q - a potion of magic
 r - a potion of invisibility {unknown}
 s - 4 potions of mutation
 v - a potion of attraction {unknown}
 w - a potion of cancellation {unknown}
 z - a potion of lignification {unknown}
 A - a potion of haste


   Skills:
 - Level 6.0 Fighting
 - Level 5.0 Dodging
 - Level 1.7 Stealth
 - Level 5.0 Shields
 - Level 3.0 Spellcasting
 - Level 6.0 Conjurations
 - Level 1.1 Transmutations
 + Level 1.9 Fire Magic
 - Level 4.0 Air Magic
 - Level 6.0 Earth Magic
 - Level 4.0 Poison Magic


You had 2 spell levels left.
You knew the following spells:

 Your Spells              Type           Power      Damage    Failure   Level
a - Sandblast             Erth           50%        2d12      1%          1
b - Stone Arrow           Conj/Erth      50%        3d10      4%          3
c - Poisonous Vapours     Pois/Air       36%        N/A       5%          2
d - Flame Wave            Conj/Fire      17%        2d6       36%         4
z - Passwall              Tmut/Erth      13%        N/A       7%          2

Your spell library contained the following spells:

 Spells                   Type           Power      Damage    Failure   Level
 Freeze                   Ice            8%         1d3       19%         1
 Foxfire                  Conj/Fire      68%        2x1d7     3%          1
 Corpse Rot               Necr/Air       20%        N/A       13%         2
 Conjure Flame            Conj/Fire      17%        6-21      12%         3
 Inner Flame              Hex/Fire       6%         N/A       36%         3
 Petrify                  Tmut/Erth      16%        N/A       41%         4


Dungeon Overview and Level Annotations

Branches:
Dungeon (8/15)             Temple (1/1) D:5
   Lair: D:8-11

Altars:
Ashenzari
Dithmenos
Elyvilon
Fedhas
Gozag
Hepliaklqana
Kikubaaqudgha
Makhleb
Nemelex Xobeh
Okawaru
Qazlal
Ru
Sif Muna
Trog
Uskayaw
Vehumet
Wu Jian
Xom
Yredelemnul
Zin
The Shining One

Shops:
D:5 [   D:7 [

Annotations:
D:3 Edmund
D:8 Gastronok


Innate Abilities, Weirdness & Mutations

You can breathe waves of freezing cold which knock back foes.
Your icy white scales are hard. (AC +7)
You cannot fit into any form of body armour.
Your flesh is cold resistant. (rC+)
You are cold-blooded and may be slowed by cold attacks.


Message History

Aiming: Stone Arrow (dangerous; 4% risk of failure)
Press: ? - help, Shift-Dir - straight line, f/p - Gastronok
Aim: Gastronok, wearing a +2 hat of stealth (lightly wounded, extremely poisoned, 100% to hit)
The stone arrow hits Gastronok!
Gastronok is lightly wounded.
Casting: Stone Arrow (dangerous; 4% risk of failure)
Confirm with . or Enter, or press ? or * to list all spells.
Aiming: Poisonous Vapours (safe; 5% risk of failure)
Press: ? - help, Dir - move target, f/p - Gastronok
Aim: Gastronok, wearing a +2 hat of stealth (moderately wounded, very poisoned) Poisonous vapours surround Gastronok!
Gastronok looks even sicker.
Casting: Poisonous Vapours (safe; 5% risk of failure)
Confirm with . or Enter, or press ? or * to list all spells.
Aiming: Poisonous Vapours (safe; 5% risk of failure)
Press: ? - help, Dir - move target, f/p - Gastronok
Aim: Gastronok, wearing a +2 hat of stealth (moderately wounded, very poisoned) Poisonous vapours surround Gastronok!
Gastronok looks as sick as possible!
You feel briefly sluggish.
Casting: Poisonous Vapours (safe; 5% risk of failure)
Confirm with . or Enter, or press ? or * to list all spells.
Aiming: Poisonous Vapours (safe; 5% risk of failure)
Press: ? - help, Dir - move target, f/p - Gastronok
Aim: Gastronok, wearing a +2 hat of stealth (moderately wounded, very poisoned)
You miscast Poisonous Vapours.
You are very lightly contaminated with residual magic.
Nothing appears to happen.
You feel a sudden, passing aversion to salt.
Gastronok waves his eye-stalks in wide circles.
The air twists around and strikes you!!
Your magical contamination has completely faded away.
Gastronok bites you!!
Casting: Poisonous Vapours (safe; 5% risk of failure)
Confirm with . or Enter, or press ? or * to list all spells.
Aiming: Poisonous Vapours (safe; 5% risk of failure)
Press: ? - help, Dir - move target, f/p - Gastronok
Aim: Gastronok, wearing a +2 hat of stealth (heavily wounded, poisoned) Poisonous vapours surround Gastronok!
Gastronok looks even sicker.
Gastronok waves his eye-stalks in wide circles.
The air twists around and strikes you!!
You die...

#..:≈≈≈≈......'.#
#...≈≈≈.......#.#
#....≈≈.......#.#
#......≈..#####†#
#.........# #.#
#.........# #.#######
#.........#####.......#
#................####.#
#.....@..........# #.# .
######w#.........# #.# #.
# #.########### #.# #..#.
#.# #.# #.#. #.##########
#.#
###...######...........
#.#
................######
#.# ................# #.#
................#########
#.#


You could see Gastronok (very poisoned).

Vanquished Creatures
  Pikel (D:5)
  Sigmund (D:2)
  A vampire (D:7)
  A water moccasin (D:5)
  An ice beast (D:5)
  An orc warrior (D:7)
  3 sky beasts
  A black bear (D:5)
  A necrophage (D:5)
  2 ogres (D:5)
  A phantom (D:5)
  A kobold brigand (D:6)
  Blork the orc (D:4)
  3 gnoll sergeants
  4 bullfrogs
  3 killer bees (D:8)
  5 wights
  A howler monkey (D:6)
  A bullfrog zombie (D:6)
  A jelly (D:4)
  2 orc priests (D:5)
  5 hounds
  2 centaur skeletons
  A bullfrog skeleton (D:7)
  3 iguanas
  Crazy Yiuf (D:5)
  Jessica (D:3)
  An orc wizard (D:7)
  Robin (D:2)
  12 adders
  11 gnolls
  A howler monkey skeleton (D:7)
  A shadow imp (D:6)
  A white imp (D:5)
  A worm (D:2)
  An adder skeleton (D:4)
  4 dart slugs
  10 orcs
  6 endoplasms
  3 giant cockroaches
  16 goblins
  7 hobgoblins
  4 jackals (D:5)
  A quokka (D:2)
  6 ball pythons
  10 bats
  2 frilled lizards
  11 kobolds
  4 rats
163 creatures vanquished.

Notes
Turn   | Place    | Note
-------+----------+-------------------------------------------
     0 | D:1      | sking99 the Draconian Earth Elementalist began the quest
                  | for the Orb.
     0 | D:1      | Reached XP level 1. HP: 14/14 MP: 3/3
   630 | D:1      | Reached XP level 2. HP: 20/20 MP: 3/5
  1088 | D:1      | Found a faded altar of an unknown god.
  1137 | D:1      | You fall into a shaft and drop 1 floor!
  1145 | D:2      | Noticed Sigmund
  1751 | D:1      | Learned a level 2 spell: Passwall
  2062 | D:2      | Reached skill level 1 in Shields
  2062 | D:2      | Reached XP level 3. HP: 9/26 MP: 1/6
  2385 | D:2      | Learned a level 3 spell: Stone Arrow
  2440 | D:2      | Noticed Robin
  2535 | D:2      | Killed Robin
  2839 | D:2      | Reached XP level 4. HP: 33/33 MP: 5/7
  3251 | D:2      | Killed Sigmund
  3252 | D:2      | Reached skill level 1 in Conjurations
  3252 | D:2      | Reached XP level 5. HP: 3/38 MP: 6/9
  3636 | D:2      | Learned a level 2 spell: Poisonous Vapours
  4322 | D:3      | Noticed Jessica
  4323 | D:3      | Killed Jessica
  4324 | D:3      | Reached XP level 6. HP: 45/45 MP: 8/10
  4462 | D:4      | Noticed Blork the orc
  4469 | D:4      | Killed Blork the orc
  4862 | D:4      | Reached skill level 5 in Earth Magic
  5138 | D:4      | Your scales start taking on an icy white colour.
  5138 | D:4      | Reached XP level 7. HP: 50/50 MP: 6/11
  5138 | D:4      | Gained mutation: Your flesh is cold resistant. (rC+) [White
                  | Draconian growth]
  5387 | D:4      | Noticed Edmund
  5996 | D:5      | Entered Level 5 of the Dungeon
  6279 | D:5      | Found Xaskynwo's Antique Armour Boutique.
  6290 | D:5      | Bought a pair of boots for 99 gold pieces
  6330 | D:5      | Found a runed translucent door.
  6331 | D:5      | Noticed Crazy Yiuf
  6471 | D:5      | Reached skill level 5 in Conjurations
  6471 | D:5      | Reached XP level 8. HP: 33/57 MP: 0/12
  6508 | D:5      | Reached skill level 1 in Air Magic
  6508 | D:5      | Reached skill level 1 in Poison Magic
  6686 | D:5      | Noticed Pikel
  6805 | D:5      | Killed Pikel
  7249 | D:5      | Reached skill level 1 in Fighting
  7559 | D:5      | Found a staircase to the Ecumenical Temple.
  7638 | Temple   | Entered the Ecumenical Temple
  7870 | Temple   | Became a worshipper of Vehumet
  8172 | D:5      | Killed Crazy Yiuf
  8663 | D:6      | Reached XP level 9. HP: 69/69 MP: 4/13
 10503 | D:7      | Found Roriss's Armour Shoppe.
 10979 | D:7      | Reached skill level 5 in Shields
 11086 | D:7      | Learned a level 4 spell: Flame Wave
 12094 | D:7      | Identified a scroll of acquirement
 12120 | D:8      | Reached skill level 5 in Fighting
 12642 | D:8      | Reached skill level 5 in Dodging
 12799 | D:8      | Reached * piety under Vehumet
 12799 | D:8      | Offered knowledge of Freeze by Vehumet.
 12940 | D:8      | Reached skill level 1 in Fire Magic
 13050 | D:8      | Noticed Gastronok
 13097 | D:8      | Killed from afar by Gastronok

Illustrated notes

Levels and vault maps discovered:
D:1:      tarquinn_simple_flora_water_c, layout_basic,
          shapermc_ecumenical_altar_mp_highgroup, minmay_tetromino_o2
D:2:      layout_basic, grunt_ministairs_1, uniq_sigmund, uniq_robin
D:3:      layout_rooms, uniq_jessica
D:4:      cheibrodos_thug_alley, layout_gridville, minmay_manual_monolith,
          uniq_edmund, uniq_blork_the_orc
D:5:      layout_cave_pods, minmay_temple_entry_statues_pillars, serial_shops,
          nicolae_shop_statue_plus, chequers_hall_statues_corner_a, uniq_pikel,
          uniq_crazy_yiuf_cottage
D:6:      layout_basic, hangedman_decor_clover_reticule
D:7:      layout_basic, serial_shops, kennysheep_mini_moat
D:8:      layout_basic, slow_altar_1, uniq_joseph, uniq_gastronok
Temple:   mainiacjoe_temple_hex_bubbles

Skill      XL: |  1  2  3  4  5  6  7  8  9 |
---------------+----------------------------+-----
Dodging        | 2 5 |  5.0
Shields        | 1 2 3 4 5 |  5.0
Spellcasting   | 3 |  3.0
Conjurations   | 1 2 5 6 |  6.0
Earth Magic    | 4 5 6 |  6.0
Air Magic      | 4 |  4.0
Poison Magic   | 4 |  4.0
Fighting       | 3 6 |  6.0
Fire Magic     | 1 |  1.9
Stealth        | |  1.7
Transmutations | |  1.1

Action                   |  1- 3 |  4- 6 |  7- 9 || total
-------------------------+-------+-------+-------++-------
Melee: Dagger            |    51 |    11 |    58 ||   120
       Tailslap          |     8 |       |    10 ||    18
 Cast: Sandblast         |    53 |    66 |   106 ||   225
       Stone Arrow       |     1 |       |    47 ||    48
       Poisonous Vapours |       |       |   127 ||   127
 Abil: Breathe Frost     |       |       |    14 ||    14
  Use: Potion            |       |     1 |     4 ||     5
       Scroll            |       |    10 |     6 ||    16
 Stab: Sleeping          |       |     1 |       ||     1
Armor: Skin              |    27 |    10 |    72 ||   109
Dodge: Dodged            |    40 |    27 |   111 ||   178
Block: Buckler           |    26 |     8 |    73 ||   107
